 Dungeon Crawl Stone Soup version 0.30-a0-694-g3340775977 (webtiles) character file.

Game seed: 15501879461750851190

2716 Bnni the Jinx (level 9, 0/68 HPs)
             Began as a Formicid Hexslinger on Jan 20, 2023.
             Was a Follower of Dithmenos.
             Slain by an ufetubus (3 damage)
             ... on level 6 of the Dungeon.
             The game lasted 00:12:47 (6855 turns).

Bnni the Jinx (Formicid Hexslinger)                 Turns: 6855, Time: 00:12:47

Health: 0/68       AC:  2    Str: 15      XL:     9   Next: 98%
Magic:  24/24      EV: 11    Int: 15      God:    Dithmenos [*.....]
Gold:   454        SH:  0    Dex:  6 (16) Spells: 3/17 levels left

rFire   + . .      SeeInvis +    x - +1 arbalest (freeze)
rCold   . . .      Faith    +    (no shield)
rNeg    . . .      Spirit   .    c - +0 robe
rPois   .          Reflect  .    (helmet unavailable)
rElec   .          Harm     .    (no cloak)
rCorr   .          Rampage  .    (no gloves)
Will    .....                    (no boots)
Stlth   +                        m - amulet of faith
HPRegen 0.31/turn                u - ring of protection from fire
MPRegen 0.19/turn                f - ring of magical power

@: wreathed by umbra, studying Hexes
A: permanent stasis, dig shafts and tunnels, antennae 3, four strong arms
a: Dig, Shaft Self, Renounce Religion


You were on level 6 of the Dungeon.
You worshipped Dithmenos.
Dithmenos was aware of your devotion.
You visited 2 branches of the dungeon, and saw 8 of its levels.

You collected 454 gold pieces.

Inventory:

Hand Weapons
 x - a +1 arbalest of freezing (weapon)
Missiles
 k - 3 curare-tipped darts
Armour
 c - a +0 robe (worn)
 d - a +0 kite shield
Jewellery
 a - an amulet of magic regeneration
 f - a ring of magical power (right hand)
 m - an amulet of faith (around neck)
 u - a ring of protection from fire (left hand)
 v - a ring of fire
Wands
 j - a wand of mindburst (6)
Scrolls
 b - 4 scrolls of poison
 h - 2 scrolls of fear {unknown}
 i - a scroll of immolation
 l - a scroll of magic mapping
 n - a scroll of enchant weapon
 o - a scroll of fog {unknown}
 p - a scroll of noise {unknown}
 q - a scroll of enchant armour
 w - a scroll of vulnerability
Potions
 e - a potion of attraction
 g - a potion of lignification
 s - 3 potions of flight {unknown}
 t - 3 potions of heal wounds {unknown}


   Skills:
 + Level 5.0 Fighting
 * Level 6.6 Ranged Weapons
 - Level 1.7 Dodging
 + Level 5.4 Shields
 + Level 4.5 Spellcasting
 * Level 10.8 Hexes
 - Level 3.0 Translocations
 - Level 3.0 Fire Magic


You had 3 spell levels left.
You knew the following spells:

 Your Spells              Type           Power      Damage    Failure   Level
a - Slow                  Hex            100%       N/A       1%          1
b - Inner Flame           Hex/Fire       24%        N/A       3%          3
c - Portal Projectile     Hex/Tloc       48%        N/A       3%          3
d - Cause Fear            Hex            18%        N/A       1%          4
t - Tukima's Dance        Hex            36%        N/A       1%          3

Your spell library contained the following spells:

 Spells                   Type           Power      Damage    Failure   Level
 Sting                    Tmut/Pois      12%        1d3       17%         1
 Poisonous Vapours        Pois/Air       6%         N/A       26%         2
 Animate Dead             Necr           3%         N/A       86%         4
 Olgreb's Toxic Radiance  Pois           3%         N/A       86%         4
 Blade Hands              Tmut           1%         N/A       99%         5
 Borgnjor's Vile Clutch   Necr/Erth      1%         N/A       99%         5
 Death Channel            Necr           1%         N/A       100%        6
 Dragon Form              Tmut           1%         N/A       100%        7
 Dragon's Call            Summ           1%         N/A       100%        9


Dungeon Overview and Level Annotations

Branches:
Dungeon (7/15)             Temple (1/1) D:5

Altars:
Ashenzari
Dithmenos
Fedhas
Kikubaaqudgha
Makhleb
Qazlal
Ru
Trog
Vehumet
The Shining One


Innate Abilities, Weirdness & Mutations

You cannot be hasted, slowed, berserked, paralysed or teleported.
You can dig through walls and to a lower floor.
You have a pair of large antennae on your head. (SInv)
Your four strong arms can wield two-handed weapons with a shield.


Message History

* * * LOW HITPOINT WARNING * * *
Casting: Slow (safe; 1% risk of failure)
Confirm with . or Enter, or press ? or * to list all spells.
Aiming: Slow (safe; 1% risk of failure)
Press: ? - help, Shift-Dir - straight line, f - ufetubus
Aim: an ufetubus (umbra, chance to affect: 65%)
The ufetubus struggles to resist.
The ufetubus barely misses you. The ufetubus misses you.
Casting: Slow (safe; 1% risk of failure)
Confirm with . or Enter, or press ? or * to list all spells.
Aiming: Slow (safe; 1% risk of failure)
Press: ? - help, Shift-Dir - straight line, f/p - ufetubus
Aim: an ufetubus (umbra, chance to affect: 65%)
The ufetubus seems to slow down.
The ufetubus hits you.
* * * LOW HITPOINT WARNING * * *
The ufetubus misses you.
You shoot a bolt. The bolt barely misses the ufetubus.
The ufetubus hits you but does no damage.
The ufetubus closely misses you. The ufetubus barely misses you.
The ufetubus closely misses you.
You shoot a bolt. The bolt misses the ufetubus.
The ufetubus hits you.
* * * LOW HITPOINT WARNING * * *
The ufetubus barely misses you. The ufetubus closely misses you.
The ufetubus barely misses you.
You shoot a bolt. The bolt closely misses the ufetubus.
The ufetubus hits you.
* * * LOW HITPOINT WARNING * * *
The ufetubus barely misses you.
You shoot a bolt. The bolt barely misses the ufetubus.
The ufetubus closely misses you. The ufetubus hits you.
* * * LOW HITPOINT WARNING * * *
The ufetubus hits you.
* * * LOW HITPOINT WARNING * * *
The ufetubus closely misses you.
You shoot a bolt. The bolt misses the ufetubus.
The ufetubus barely misses you. The ufetubus hits you.
* * * LOW HITPOINT WARNING * * *
The ufetubus attacks as you move away! The ufetubus hits you.
* * * LOW HITPOINT WARNING * * *
The ufetubus hits you.
You die...

##.####.# #.......###
#####.###....# .............#
.............#
.............#####
.................#
.........>.#####.#####
...............5@....#
..........######.###.##########
..............................#
..........####<#####..######.##
..........# #.#####..# #.#
##........# #..#.....# #.#
#........## #..#.##..# #.#
#.........# #..#.##..# #.#
#.........###..#)##..# #.#


You could see an ufetubus (slow).

Vanquished Creatures
  Pikel (D:5)
  Eustachio (D:6)
  A water moccasin (D:6)
  2 ice beasts (D:5)
  An orc warrior (D:6)
  An ogre (D:6)
  3 bullfrogs
  4 scorpions
  A necrophage (D:4)
  3 wights (D:3)
  3 killer bees (D:7)
  A howler monkey (D:4)
  A quasit (D:6)
  8 orc priests
  4 hounds
  A jelly (D:6)
  4 iguanas
  2 orc wizards
  A gnoll (D:6)
  14 adders
  4 white imps
  2 ufetubi (D:6)
  A worm (D:2)
  A dart slug (D:3)
  25 orcs
  5 bats
  7 endoplasms
  5 giant cockroaches
  6 goblins
  7 hobgoblins
  2 jackals (D:2)
  3 quokkas
  8 ball pythons
  3 frilled lizards
  5 kobolds
  8 rats
149 creatures vanquished.

Notes
Turn   | Place    | Note
-------+----------+-------------------------------------------
     0 | D:1      | Bnni the Formicid Hexslinger began the quest for the Orb.
     0 | D:1      | Reached XP level 1. HP: 15/15 MP: 2/2
    40 | D:1      | Reached XP level 2. HP: 14/21 MP: 3/3
   230 | D:1      | Found a faded altar of an unknown god.
   392 | D:1      | Reached skill level 4 in Hexes
   433 | D:1      | Reached XP level 3. HP: 24/26 MP: 5/5
   964 | D:2      | Reached skill level 1 in Fire Magic
  1283 | D:2      | Reached XP level 4. HP: 33/33 MP: 6/6
  1293 | D:2      | Learned a level 4 spell: Cause Fear
  1558 | D:3      | Reached skill level 1 in Shields
  1683 | D:3      | Reached XP level 5. HP: 17/38 MP: 7/7
  2297 | D:3      | Reached skill level 5 in Hexes
  2297 | D:3      | Reached XP level 6. HP: 41/45 MP: 9/9
  2605 | D:4      | Reached XP level 7. HP: 35/51 MP: 8/10
  2702 | D:4      | Learned a level 3 spell: Inner Flame
  3115 | D:4      | Reached skill level 6 in Hexes
  3489 | D:5      | Entered Level 5 of the Dungeon
  3928 | D:5      | Reached XP level 8. HP: 43/58 MP: 12/12
  4025 | D:5      | Reached skill level 7 in Hexes
  4226 | D:5      | Noticed Pikel
  4229 | D:5      | Found a broken altar of Ashenzari.
  4315 | D:5      | Reached skill level 5 in Ranged Weapons
  4319 | D:5      | Learned a level 3 spell: Portal Projectile
  4410 | D:5      | Reached skill level 8 in Hexes
  4782 | D:5      | Found a staircase to the Ecumenical Temple.
  4791 | Temple   | Entered the Ecumenical Temple
  4814 | Temple   | Became a worshipper of Dithmenos the Shadowed
  5196 | D:5      | Killed Pikel
  5197 | D:5      | Reached skill level 9 in Hexes
  5197 | D:5      | Reached XP level 9. HP: 65/65 MP: 14/14
  5514 | D:6      | Noticed Eustachio
  5521 | D:6      | Killed Eustachio
  5536 | D:6      | Reached skill level 10 in Hexes
  5617 | D:6      | Reached skill level 5 in Shields
  5817 | D:6      | Reached * piety under Dithmenos
  6294 | D:6      | Learned a level 3 spell: Tukima's Dance
  6517 | D:7      | Reached skill level 5 in Fighting
  6855 | D:6      | HP: 3/68 [ufetubus (3)]
  6855 | D:6      | Slain by an ufetubus

Illustrated notes

Levels and vault maps discovered:
D:1:      wander_arrival_lonely_grave, layout_loops_ring,
          hellmonk_ecumenical_altar_blasted
D:2:      layout_loops_cross
D:3:      layout_rooms, grunt_decor_junction
D:4:      layout_basic, minmay_manual_mail
D:5:      layout_loops_cross, nicolae_ashenzari_skybound,
          minmay_temple_entry_wispy, serial_bayou_pond_e, uniq_pikel
D:6:      layout_basic, minmay_increasing_density, uniq_eustachio
D:7:      layout_cave_pools, mainiacjoe_overflow_small_starburst,
          mainiacjoe_overflow_large_starburst, serial_shops, shop,
          serial_demonic, serial_demonic_c, serial_demonic_f, serial_demonic_a,
          serial_demonic_a, serial_demonic_g, serial_demonic_g, enter_bailey_2,
          enter_ossuary_3
Temple:   chequers_temple_sunken

Skill      XL: |  1  2  3  4  5  6  7  8  9 |
---------------+----------------------------+-----
Hexes          | 4 5 6 9 10 | 10.8
Fire Magic     | 1 2 3 |  3.0
Shields        | 1 2 3 4 5 |  5.4
Fighting       | 2 3 4 5 |  5.0
Ranged Weapons | 3 4 5 6 |  6.6
Spellcasting   | 2 3 4 |  4.5
Translocations | 2 3 |  3.0
Dodging        | |  1.7

Action                   |  1- 3 |  4- 6 |  7- 9 || total
-------------------------+-------+-------+-------++-------
 Fire: Sling             |   106 |   149 |   256 ||   511
       Arbalest          |       |       |   103 ||   103
 Cast: Slow              |     1 |     8 |    18 ||    27
       Inner Flame       |       |       |    17 ||    17
       Cause Fear        |       |       |     4 ||     4
       Portal Projectile |       |       |     1 ||     1
 Abil: Dig               |       |       |     1 ||     1
  Use: Scroll            |       |     5 |     4 ||     9
       Potion            |       |       |     4 ||     4
Armor: Robe              |    15 |     7 |    42 ||    64
       Skin              |       |       |     1 ||     1
Dodge: Dodged            |    27 |    50 |   274 ||   351

Table legend: (Time is in decaauts)
 A = Elapsed time spent in this place.
 B = Non-inter-level travel time spent in this place.
 C = Inter-level travel time spent in this place.
 D = Time resting spent in this place.
 E = Time spent auto-exploring this place.
 F = Levels seen in this place.
 G = Mean time per level.
                   A        B        C        D        E       F      G
               +--------+--------+--------+--------+--------+-----+--------+
         Total |   7035 |   6773 |    262 |   1086 |   4294 |   8 |  879.4 |
       Dungeon |   6991 |   6743 |    248 |   1086 |   4282 |   7 |  998.7 |
        Temple |     44 |     30 |     14 |      0 |     11 |   1 |   44.0 |
               +--------+--------+--------+--------+--------+-----+--------+

Top non-repeatable levels by time:
     D:6: 1528 daAuts
     D:5: 1484 daAuts
     D:4: 1368 daAuts
     D:1: 860 daAuts
     D:3: 850 daAuts
     D:2: 797 daAuts
     D:7: 102 daAuts
  Temple: 44 daAuts
